[Event "Winter CCCSA-IM 2020"]
[Site "Charlotte"]
[Date "2020.01.17"]
[Round "2.1"]
[White "Berczes, David"]
[Black "Liang, Jason"]
[Result "1/2-1/2"]
[ECO "B11"]
[WhiteElo "2433"]
[BlackElo "2353"]
[Annotator "ChessBase"]
[PlyCount "74"]
[EventDate "2020.01.17"]
[EventType "tourn"]
[EventCountry "USA"]
[SourceTitle "playchess.com"]
[Source "ChessBase"]
[SourceQuality "1"]
[TimeControl "5400+30"]

1. e4 c6 2. Nc3 d5 3. Nf3 dxe4 4. Nxe4 Nf6 5. Qe2 Nxe4 6. Qxe4 Qa5 7. b4 Qf5 8. Qe3 Qxc2 9. Bd3 Qa4 10. a3 Bg4 11. O-O Bxf3 12. Qxf3 Nd7 13. Re1 Qb3 14. Rb1 Qd5 15. Be4 Qd6 16. b5 Rc8 17. bxc6 bxc6 18. d4 Nf6 19. Bf4 Qd7 20. Rb8 Nxe4 21. Rxc8+ Qxc8 22. Qxe4 Qd7 23. Rc1 e6 24. Rxc6 Be7 25. Rc7 Qa4 26. g3 Bd8 27. Rb7 O-O 28. Bd6 Re8 29. Qf3 Bf6 30. Qh5 g6 31. Qf3 Qxd4 32. Qc6 Qd1+ 33. Kg2 Rd8 34. Qc7 Qd5+ 35. Kg1 Qd1+ 36. Kg2 Qd5+ 37. Kg1 Qd1+ 1/2-1/2

[Event "Winter CCCSA-IM 2020"]
[Site "Charlotte"]
[Date "2020.01.17"]
[Round "2.4"]
[White "Francisco, Richard"]
[Black "Uyanga, Byambaa"]
[Result "1-0"]
[ECO "A26"]
[WhiteElo "2256"]
[BlackElo "2113"]
[Annotator "ChessBase"]
[PlyCount "73"]
[EventDate "2020.01.17"]
[EventType "tourn"]
[EventCountry "USA"]
[SourceTitle "playchess.com"]
[Source "ChessBase"]
[SourceQuality "1"]
[TimeControl "5400+30"]

1. c4 Nf6 2. g3 g6 3. Bg2 Bg7 4. Nc3 O-O 5. e4 e5 6. Nge2 d6 7. d3 Nh5 8. O-O Nc6 9. Be3 f5 10. exf5 gxf5 11. f4 Be6 12. Qd2 Qd7 13. Rae1 Rae8 14. b3 Nd4 15. Kh1 Bf7 16. Bg1 Re6 17. Nxd4 exd4 18. Nb5 Rh6 19. Rf3 Bd5 20. cxd5 Qxb5 21. Re7 Rf7 22. Qe1 Kf8 23. Re6 Nf6 24. Bxd4 Rxh2+ 25. Kxh2 Ng4+ 26. Kh1 Bxd4 27. Qe2 Qxd5 28. Rf1 Qc5 29. Bf3 Nf6 30. Kg2 d5 31. Re1 c6 32. Bh5 Rd7 33. Rxf6+ Bxf6 34. Qe8+ Kg7 35. Qxd7+ Kh6 36. Qxf5 Qc3 37. Re6 1-0

[Event "Winter CCCSA-IM 2020"]
[Site "Charlotte"]
[Date "2020.01.17"]
[Round "2.5"]
[White "Wheeler, Cameron"]
[Black "Martin Del Campo C., Roberto"]
[Result "1-0"]
[ECO "E62"]
[WhiteElo "2383"]
[BlackElo "2322"]
[Annotator "ChessBase"]
[PlyCount "57"]
[EventDate "2020.01.17"]
[EventType "tourn"]
[EventCountry "USA"]
[SourceTitle "playchess.com"]
[Source "ChessBase"]
[SourceQuality "1"]
[TimeControl "5400+30"]

1. Nf3 Nf6 2. c4 d6 3. d4 g6 4. g3 Bg7 5. Bg2 O-O 6. O-O Nc6 7. Nc3 Bg4 8. d5 Na5 9. b3 c5 10. Bd2 a6 11. h3 Bd7 12. e4 e5 13. dxe6 Bxe6 14. Rc1 b5 15. Ng5 Rb8 16. e5 dxe5 17. Nxe6 fxe6 18. Qe1 b4 19. Na4 Nd7 20. Rd1 Qc7 21. Qe4 Nb6 22. Nb2 Kh8 23. Be3 Rf7 24. Rd2 Nd7 25. Rfd1 Nf6 26. Qh4 Rd7 27. Rxd7 Nxd7 28. Qe7 Rd8 29. Bg5 1-0

[Event "Winter CCCSA-IM 2020"]
[Site "Charlotte"]
[Date "2020.01.18"]
[Round "4.5"]
[White "Liang, Jason"]
[Black "Uyanga, Byambaa"]
[Result "1-0"]
[ECO "B23"]
[WhiteElo "2353"]
[BlackElo "2113"]
[Annotator "RC"]
[PlyCount "101"]
[EventDate "2020.01.17"]
[EventType "tourn"]
[EventCountry "USA"]
[SourceTitle "playchess.com"]
[Source "ChessBase"]
[SourceQuality "1"]
[TimeControl "5400+30"]

1. e4 c5 2. Nc3 Nc6 3. Bb5 Nd4 4. Bc4 d6 5. Nge2 Nf6 6. O-O g6 7. d3 Bg7 8. Nxd4 cxd4 9. Ne2 Nd7 10. Bg5 h6 11. Bh4 g5 12. Bg3 e5 13. c3 dxc3 14. Nxc3 h5 15. f3 Nb6 16. Bf2 Nxc4 17. dxc4 Be6 18. Qd3 Rc8 19. b3 a6 20. Rfd1 Bf8 21. a4 g4 22. Rf1 Rg8 23. fxg4 hxg4 24. Rad1 Rh8 25. Kh1 Qg5 26. Bg3 Be7 27. Nd5 Rc6 28. Ne3 Rh5 29. Nf5 Bxf5 30. Rxf5 Qh6 31. Rxh5 Qxh5 32. Rf1 Bh4 33. Bxh4 Qxh4 34. Qd5 Qh7 35. Rf5 Rb6 36. c5 Rc6 37. b4 g3 38. h3 a5 39. Rf1 Qg6 40. cxd6 Rxd6 41. Qxe5+ Kf8 42. Qxa5 Qxe4 43. Qc7 Qe7 44. Qc3 Qg5 45. Qc8+ Kg7 46. Qxb7 Rf6 47. Rg1 Rf2 48. Qe4 f5 49. Qb7+ Kg6 50. Re1 Qe3 51. Qa6+ 1-0

[Event "Winter CCCSA-IM 2020"]
[Site "Charlotte"]
[Date "2020.01.19"]
[Round "5.1"]
[White "Jacobson, Aaron"]
[Black "Berczes, David"]
[Result "1/2-1/2"]
[ECO "D24"]
[WhiteElo "2336"]
[BlackElo "2433"]
[Annotator "RC"]
[PlyCount "66"]
[EventDate "2020.01.17"]
[EventType "tourn"]
[EventCountry "USA"]
[SourceTitle "playchess.com"]
[Source "ChessBase"]
[SourceQuality "1"]
[TimeControl "5400+30"]

1. d4 e6 2. Nf3 Nf6 3. c4 d5 4. Nc3 dxc4 5. e4 b5 6. e5 Nd5 7. Nxb5 Nb6 8. a4 Ba6 9. Na3 Bb4+ 10. Bd2 Bxd2+ 11. Qxd2 c3 12. Qxc3 Bxf1 13. Kxf1 O-O 14. Nc4 a5 15. Nxa5 Qd5 16. b4 Nxa4 17. Qd2 Nc6 18. Nxc6 Qxc6 19. h4 Nc3 20. Re1 Qc4+ 21. Kg1 Ra2 22. Qe3 Nd5 23. Qe4 Qc2 24. Qxc2 Rxc2 25. Ra1 Nxb4 26. h5 h6 27. g3 Nd5 28. Rh4 Rb8 29. Re4 Rbb2 30. Rf1 Rb3 31. Nh4 Ra2 32. Ree1 Rbb2 33. Rb1 Nc3 1/2-1/2

[Event "Winter CCCSA-IM 2020"]
[Site "Charlotte"]
[Date "2020.01.19"]
[Round "5.3"]
[White "Uyanga, Byambaa"]
[Black "Wheeler, Cameron"]
[Result "0-1"]
[ECO "C18"]
[WhiteElo "2113"]
[BlackElo "2383"]
[Annotator "RC"]
[PlyCount "72"]
[EventDate "2020.01.17"]
[EventType "tourn"]
[EventCountry "USA"]
[SourceTitle "playchess.com"]
[Source "ChessBase"]
[SourceQuality "1"]
[TimeControl "5400+30"]

1. e4 e6 2. d4 d5 3. Nc3 Bb4 4. e5 c5 5. a3 Bxc3+ 6. bxc3 Ne7 7. Qg4 Qc7 8. Qxg7 Rg8 9. Qxh7 cxd4 10. Ne2 Nbc6 11. f4 dxc3 12. Qd3 d4 13. Ng3 Bd7 14. Rb1 O-O-O 15. Be2 Nf5 16. Nxf5 exf5 17. Bf3 f6 18. exf6 Rgf8 19. O-O Rxf6 20. Re1 Re8 21. Rxe8+ Bxe8 22. a4 Qe7 23. Kf2 Re6 24. g3 Re4 25. h4 a6 26. h5 Bf7 27. h6 Bd5 28. Qf1 d3 29. Qxd3 Bc4 30. Qxc3 Re2+ 31. Kg1 Qc5+ 32. Kh1 Qf2 33. Qh8+ Nd8 34. Bxb7+ Kc7 35. Qe5+ Rxe5 36. fxe5 Nxb7 0-1

[Event "Winter CCCSA-IM 2020"]
[Site "Charlotte"]
[Date "2020.01.19"]
[Round "5.5"]
[White "Eswaran, Ashritha"]
[Black "Li, Eric"]
[Result "1/2-1/2"]
[ECO "C54"]
[WhiteElo "2252"]
[BlackElo "2195"]
[Annotator "ChessBase"]
[PlyCount "54"]
[EventDate "2020.01.17"]
[EventType "tourn"]
[EventCountry "USA"]
[SourceTitle "playchess.com"]
[Source "ChessBase"]
[SourceQuality "1"]
[TimeControl "5400+30"]

1. e4 e5 2. Nf3 Nc6 3. Bc4 Bc5 4. d3 Nf6 5. O-O d6 6. c3 a6 7. a4 O-O 8. Nbd2 h6 9. h3 Re8 10. Re1 Be6 11. b4 Ba7 12. Nf1 Nxe4 13. Rxe4 d5 14. Bxd5 Bxd5 15. Re1 e4 16. dxe4 Bxe4 17. Be3 Qxd1 18. Rexd1 Bxe3 19. Nxe3 Rad8 20. Nd2 Bg6 21. Ndf1 Kf8 22. f4 Bd3 23. Kf2 Ne7 24. Rd2 Bxf1 25. Rxd8 Rxd8 26. Rxf1 f5 27. Ke2 Kf7 1/2-1/2

[Event "Winter CCCSA-IM 2020"]
[Site "Charlotte"]
[Date "2020.01.19"]
[Round "6.1"]
[White "Berczes, David"]
[Black "Martin Del Campo C., Roberto"]
[Result "1-0"]
[ECO "E62"]
[WhiteElo "2433"]
[BlackElo "2322"]
[Annotator "RC"]
[PlyCount "31"]
[EventDate "2020.01.17"]
[EventType "tourn"]
[EventCountry "USA"]
[SourceTitle "playchess.com"]
[Source "ChessBase"]
[SourceQuality "1"]
[TimeControl "5400+30"]

1. Nf3 Nf6 2. g3 g6 3. Bg2 Bg7 4. d4 O-O 5. c4 d6 6. Nc3 c6 7. O-O Qa5 8. Bd2 Qh5 9. Qb3 e5 10. dxe5 dxe5 11. Ng5 h6 12. Nge4 Na6 13. Rad1 Nc7 14. Nxf6+ Bxf6 15. Ne4 Be7 16. Bb4 1-0

[Event "Winter CCCSA-IM 2020"]
[Site "Charlotte"]
[Date "2020.01.19"]
[Round "6.3"]
[White "Wheeler, Cameron"]
[Black "Li, Eric"]
[Result "1/2-1/2"]
[ECO "E06"]
[WhiteElo "2383"]
[BlackElo "2195"]
[Annotator "RC"]
[PlyCount "38"]
[EventDate "2020.01.17"]
[EventType "tourn"]
[EventCountry "USA"]
[SourceTitle "playchess.com"]
[Source "ChessBase"]
[SourceQuality "1"]
[TimeControl "5400+30"]

1. d4 Nf6 2. c4 e6 3. g3 d5 4. Nf3 Bb4+ 5. Bd2 Be7 6. Bg2 O-O 7. O-O c6 8. Bg5 Nbd7 9. Nbd2 b6 10. Qc2 Bb7 11. Rad1 Rc8 12. Qb1 h6 13. Bxf6 Nxf6 14. e4 dxe4 15. Nxe4 Qc7 16. Nxf6+ Bxf6 17. c5 Ba6 18. Rfe1 Rfd8 19. b4 bxc5 1/2-1/2

[Event "Winter CCCSA-IM 2020"]
[Site "Charlotte"]
[Date "2020.01.20"]
[Round "7.1"]
[White "Eswaran, Ashritha"]
[Black "Berczes, David"]
[Result "1/2-1/2"]
[ECO "C13"]
[WhiteElo "2252"]
[BlackElo "2433"]
[Annotator "RC"]
[PlyCount "64"]
[EventDate "2020.01.17"]
[EventType "tourn"]
[EventCountry "USA"]
[SourceTitle "playchess.com"]
[Source "ChessBase"]
[SourceQuality "1"]
[TimeControl "5400+30"]

1. e4 e6 2. d4 d5 3. Nc3 Nf6 4. Bg5 dxe4 5. Nxe4 Be7 6. Bxf6 gxf6 7. Nf3 f5 8. Nc3 a6 9. g3 b5 10. Bg2 Bb7 11. O-O O-O 12. Ne5 Bxg2 13. Kxg2 b4 14. Na4 Qd5+ 15. Qf3 Qxf3+ 16. Nxf3 Nd7 17. Rfd1 Nb6 18. Nc5 Rfd8 19. Nd3 Bf8 20. Rac1 Na4 21. c3 bxc3 22. bxc3 c5 23. Nxc5 Nb2 24. Rf1 Bxc5 25. dxc5 Rac8 26. Rb1 Na4 27. Rb7 Nxc5 28. Ra7 Ne4 29. Ne5 Rf8 30. Nd7 Rfd8 31. Ne5 Rf8 32. Nd7 Rfd8 1/2-1/2